 Dungeon Crawl Stone Soup version 0.30-a0-755-g0b50240ab4 (webtiles) character file.

Game seed: 2510173030910431013

284 M4edhros the Conjurer (level 6, 0/38 HPs)
             Began as an Octopode Artificer on Feb 9, 2023.
             Killed by divine providence
             ... invoked by an orc priest
              (13 damage)
             ... on level 5 of the Dungeon.
             The game lasted 00:05:30 (3400 turns).

M4edhros the Conjurer (Octopode Artificer)          Turns: 3400, Time: 00:05:31

Health: 0/38       AC:  1    Str: 11    XL:     6   Next: 29%
Magic:  1/9        EV: 18    Int: 13    God:
Gold:   200        SH:  9    Dex: 15    Spells: 3/9 levels left

rFire   . . .      SeeInvis .    (no weapon)
rCold   . . .      Faith    .    w - +0 buckler
rNeg    . . .      Spirit   .    (helmet restricted)
rPois   .          Reflect  +    j - amulet of reflection
rElec   .          Harm     .    f - ring of flight
rCorr   .          Rampage  .    o - +5 ring of evasion
Will    .....                    (no ring)
Stlth   +++                      (no ring)
HPRegen 0.26/turn                (no ring)
MPRegen 0.11/turn                (no ring)
                                 (no ring)
                                 (no ring)

@: flying
A: almost no armour, amphibious, 8 rings, camouflage 1, gelatinous body 1,
(nimble swimmer 1), tentacles
a: no special abilities


You were on level 5 of the Dungeon.
You visited 1 branch of the dungeon, and saw 5 of its levels.

You collected 200 gold pieces.

Inventory:

Missiles
 a - 3 atropa-tipped darts
 e - 6 poisoned darts
Armour
 w - a +0 buckler (worn)
Jewellery
 f - a ring of flight (left tentacle)
 j - an amulet of reflection (around mantle)
 o - a +5 ring of evasion (right tentacle)
Wands
 b - a wand of flame (15) (quivered)
 c - a wand of charming (14)
 d - a wand of iceblast (5)
Scrolls
 k - a scroll of butterflies {unknown}
 l - 3 scrolls of enchant weapon {unknown}
 m - 3 scrolls of teleportation {unknown}
 r - a scroll of fog {unknown}
 s - a scroll of poison {unknown}
 u - a scroll of vulnerability {unknown}
Potions
 g - 2 potions of curing {unknown}
 h - 2 potions of attraction {unknown}
 i - a potion of flight {unknown}
 n - a potion of degeneration {unknown}
 p - a potion of mutation {unknown}
 q - a potion of brilliance {unknown}
 t - a potion of ambrosia {unknown}
 v - a potion of berserk rage {unknown}
 x - a potion of heal wounds {unknown}
 z - a potion of lignification {unknown}


   Skills:
 - Level 1.0 Fighting
 * Level 2.7 Dodging
 + Level 2.1 Stealth
 * Level 0.8 Shields
 + Level 2.3 Spellcasting
 + Level 3.8 Conjurations
 * Level 1.2 Summonings
 * Level 1.2 Air Magic
 - Level 3.5 Evocations


You had 3 spell levels left.
You knew the following spells:

 Your Spells              Type           Power      Damage    Failure   Level
a - Searing Ray           Conj           22%        2d5       11%         2
b - Summon Lightning Spi  Summ/Air       4%         N/A       89%         4

Your spell library contained the following spells:

 Spells                   Type           Power      Damage    Failure   Level
 Magic Dart               Conj           44%        1d5       7%          1
 Fulminant Prism          Conj/Hex       3%         3d5       83%         4
 Airstrike                Air            2%         2d(1-17)  89%         4
 Lightning Bolt           Conj/Air       4%         1d15      97%         5


Dungeon Overview and Level Annotations

Branches:
Dungeon (5/15)
 Temple: D:4-7

Altars:
Ashenzari

Annotations:
D:3 1 runed translucent door, Crazy Yiuf, Grinder
D:4 3 runed translucent doors, bezhaha's ghost, amateur OgWr


Innate Abilities, Weirdness & Mutations

You cannot wear most types of armour.
You are amphibious.
You can wear up to eight rings at the same time.
Your skin changes colour to match your surroundings (Stealth+).
Your rubbery body absorbs attacks. (AC +1, EV +1)
((You are camouflaged when in or above water. (Stealth+)))
You have tentacles for arms and can constrict up to eight enemies at once.


Message History

Casting: Searing Ray (safe; 11% risk of failure)
Confirm with . or Enter, or press ? or * to list all spells.
You can't see any susceptible monsters within range! (Use Z to cast anyway.)
Casting: Searing Ray (safe; 11% risk of failure)
Confirm with . or Enter, or press ? or * to list all spells.
Aiming: Searing Ray (safe; 11% risk of failure)
Press: ? - help, Shift-Dir - straight line, f - you (Press . to maintain the ray.)
The orc shouts! x2
The orc priest calls down the wrath of Beogh upon you.
Beogh smites you!
The searing ray hits the orc.
The orc is severely wounded.
The searing ray hits the orc.
The orc is moderately wounded.
The searing ray hits the orc.
You kill the orc!
You finish channelling your searing ray.
Casting: Searing Ray (safe; 11% risk of failure)
Confirm with . or Enter, or press ? or * to list all spells.
Aiming: Searing Ray (safe; 11% risk of failure)
Press: ? - help, Shift-Dir - straight line, f - orc
Aim: an orc, wielding a +0 club (moderately wounded, 76% to hit)
The searing ray hits the orc!
You kill the orc!
The searing ray hits the orc.
The orc is moderately wounded. (Press . to maintain the ray.)
The orc priest calls down the wrath of Beogh upon you.
Beogh smites you!
You hear a zap.
You hear a grinding noise.
The searing ray hits the orc!
You kill the orc!
The searing ray hits the orc priest.
The orc priest is moderately wounded.
You closely miss the orc priest. Your grab misses the orc priest.
The orc priest is moderately wounded.
The orc priest calls down the wrath of Beogh upon you.
Beogh smites you!
You die...

..# .. .. #. #. ## # #.#
#.####.###.#. ####.
#....#............#.....
#....)o@...# ......#
#......##..#######......
......# #....##..#......
#.....###...............
##...........###.)...#..
...........####...<..#
.......>#... #....^##
........#..##........#
..##.....####.....##


You could see an orc priest.

Vanquished Creatures
  A scorpion (D:4)
  A jelly (D:4)
  6 gnolls
  4 adders
  3 worms
  3 dart slugs
  7 orcs
  5 bats
  5 endoplasms
  4 giant cockroaches
  4 goblins
  7 hobgoblins
  11 jackals
  7 kobolds
  3 quokkas
  A ball python (D:2)
  5 frilled lizards
  6 rats
83 creatures vanquished.

Notes
Turn   | Place    | Note
-------+----------+-------------------------------------------
     0 | D:1      | M4edhros the Octopode Artificer began the quest for the
                  | Orb.
     0 | D:1      | Reached XP level 1. HP: 13/13 MP: 1/1
   270 | D:1      | Reached XP level 2. HP: 18/18 MP: 1/3
   272 | D:1      | Reached skill level 1 in Spellcasting
   275 | D:1      | Learned a level 2 spell: Searing Ray
   354 | D:1      | Reached skill level 1 in Conjurations
   710 | D:1      | Reached XP level 3. HP: 21/23 MP: 4/4
  1335 | D:2      | Reached XP level 4. HP: 23/28 MP: 5/5
  1514 | D:2      | Found a faded altar of an unknown god.
  1986 | D:3      | Reached XP level 5. HP: 22/33 MP: 6/8
  2451 | D:3      | Found a broken altar of Ashenzari.
  2519 | D:3      | Noticed Grinder
  2768 | D:3      | Learned a level 4 spell: Summon Lightning Spire
  2797 | D:3      | Found a runed translucent door.
  2798 | D:3      | Noticed Crazy Yiuf
  3028 | D:4      | Noticed bezhaha's ghost (amateur OgWr)
  3031 | D:4      | Noticed an ice beast
  3183 | D:4      | Found a runed translucent gate.
  3183 | D:4      | Found a runed translucent gate.
  3183 | D:4      | Found a runed translucent gate.
  3230 | D:4      | Reached skill level 1 in Summonings
  3230 | D:4      | Reached skill level 1 in Air Magic
  3230 | D:4      | Reached XP level 6. HP: 27/38 MP: 9/9
  3346 | D:5      | Entered Level 5 of the Dungeon
  3400 | D:5      | Killed from afar by an orc priest

Illustrated notes

Levels and vault maps discovered:
D:1:      dpeg_arrival_tiny_f, layout_basic
D:2:      layout_rooms, hellmonk_ecumenical_altar_heavens_door,
          solitary_fountain, grunt_ministairs_5
D:3:      layout_loops_ring, lemuel_doored_altar,
          minmay_misc_feat_secret_circle, uniq_crazy_yiuf_cottage, uniq_grinder
D:4:      layout_loops_ring, mainiacjoe_overflow_big_doors, bloody_makhleb,
          gammafunk_ghost_icy, minmay_misc_feat_plants
D:5:      layout_cave_pools, minmay_temple_entry_from_below_b,
          uniq_blork_the_orc, uniq_edmund

Skill      XL: |  1  2  3  4  5  6 |
---------------+-------------------+-----
Spellcasting   | 1 2 |  2.3
Conjurations   | 1 2 3 |  3.8
Summonings     | 1 |  1.2
Air Magic      | 1 |  1.2
Stealth        | 2 |  2.1
Fighting       | |  1.0
Dodging        | |  2.7
Shields        | |  0.8
Evocations     | |  3.5

Action                     |  1- 3 |  4- 6 || total
---------------------------+-------+-------++-------
  Melee: Unarmed           |    74 |   107 ||   181
         Constrict         |    24 |    21 ||    45
         Tentacles         |    23 |    32 ||    55
         Punch             |       |     3 ||     3
   Cast: Searing Ray       |     5 |    11 ||    16
  Evoke: Wand              |     1 |       ||     1
   Stab: Sleeping          |     8 |     5 ||    13
 Armour: Skin              |     9 |     4 ||    13
  Dodge: Dodged            |    62 |    75 ||   137
  Block: Other             |     7 |    30 ||    37
         Reflection        |       |     2 ||     2
         Buckler           |       |    12 ||    12

Table legend: (Time is in decaauts)
 A = Elapsed time spent in this place.
 B = Non-inter-level travel time spent in this place.
 C = Inter-level travel time spent in this place.
 D = Time resting spent in this place.
 E = Time spent auto-exploring this place.
 F = Levels seen in this place.
 G = Mean time per level.
                   A        B        C        D        E       F      G
               +--------+--------+--------+--------+--------+-----+--------+
         Total |   3401 |   3245 |    156 |     64 |   2466 |   5 |  680.2 |
       Dungeon |   3401 |   3245 |    156 |     64 |   2466 |   5 |  680.2 |
               +--------+--------+--------+--------+--------+-----+--------+

Top non-repeatable levels by time:
     D:1: 1145 daAuts
     D:3: 892 daAuts
     D:2: 826 daAuts
     D:4: 483 daAuts
     D:5: 54 daAuts
